 Dungeon Crawl Stone Soup version 0.31.0-32-g396128a36d (webtiles) character file.

Game seed: 11875558809909821470

28 booth the Grave Robber (level 2, 0/19 HPs)
             Began as a Demonspawn Necromancer on Mar 14, 2024.
             Slain by an adder (1 damage)
             ... on level 2 of the Dungeon.
             The game lasted 00:05:01 (947 turns).

booth the Grave Robber (Demonspawn Necromancer)      Turns: 947, Time: 00:05:02

Health: 0/19       AC:  2    Str:  8    XL:     2   Next: 96%
Magic:  2/5        EV: 12    Int: 15    God:
Gold:   124        SH:  0    Dex: 13    Spells: 4/5 levels left

rFire   . . .        g - +0 dagger
rCold   . . .        (no shield)
rNeg    . . .        a - +0 robe
rPois   .            (no helmet)
rElec   .            (no cloak)
rCorr   .            (no gloves)
SInv    .            (no boots)
Will    .....        (no amulet)
Stlth   ++           (no ring)
HPRegen 0.23/turn    (no ring)
MPRegen 0.09/turn

%: no passive effects
@: no status effects
A: powered by pain 1
a: no special abilities


You were on level 2 of the Dungeon.
You visited 1 branch of the dungeon, and saw 2 of its levels.

You collected 124 gold pieces.

Inventory:

Hand Weapons
 g - a +0 dagger (weapon)
Armour
 a - a +0 robe (worn)
Scrolls
 c - a scroll of butterflies
 d - a scroll of enchant armour {unknown}
 e - a scroll of immolation
 f - a scroll of enchant weapon {unknown}
 h - a scroll of poison {unknown}
 i - 3 scrolls of fog {unknown}
 k - a scroll of identify
Potions
 b - a potion of magic
 j - a potion of cancellation


   Skills:
 + Level 2.1 Dodging
 + Level 2.1 Stealth
 + Level 2.3 Spellcasting
 * Level 4.8 Necromancy


You had 4 spell levels left.
You knew the following spells:

 Your Spells              Type           Power      Damage    Failure   Level
a - Necrotise             Necr           64%        1d7       3%          1

Your spell library contained the following spells:

 Spells                   Type           Power      Damage    Failure   Level
 Vampiric Draining        Necr           16%        2d7       9%          3
 Animate Dead             Necr           16%        N/A       28%         4
 Curse of Agony           Necr           16%        N/A       63%         5


Dungeon Overview and Level Annotations

Branches:
Dungeon (2/15)

Altars:


Innate Abilities, Weirdness & Mutations

You sometimes gain a little power by taking damage.


Message History

Your magical contamination has completely faded away.
You barely miss the adder.
The adder is moderately wounded.
You feel sick. The adder bites you.
* * * LOW HITPOINT WARNING * * *
The adder misses you.
You hit the adder but do no damage.
The adder is moderately wounded.
You feel sick. The adder barely misses you.
You barely miss the adder.
The adder is moderately wounded.
You feel sick. The adder barely misses you.
You miss the adder.
The adder is moderately wounded.
You feel sick. The adder closely misses you. The adder completely misses you.
Magic courses through your body.
You feel sick. The adder bites you.
* * * LOW HITPOINT WARNING * * *
Casting: Necrotise (safe; 3% risk of failure)
Confirm with . or Enter, or press ? or * to list all spells.
Aiming: Necrotise (safe; 3% risk of failure)
Press: ? - help, Shift-Dir - straight line, f/p - adder
Aim: an adder (moderately wounded, chance to affect: 80%)
The adder writhes in agony.
* * * LOW HITPOINT WARNING * * *
You feel sick.
You are no longer poisoned.
The adder barely misses you.
Casting: Necrotise (safe; 3% risk of failure)
Confirm with . or Enter, or press ? or * to list all spells.
Aiming: Necrotise (safe; 3% risk of failure)
Press: ? - help, Shift-Dir - straight line, f/p - adder
Aim: an adder (heavily wounded, chance to affect: 80%)
The adder writhes in agony.
The adder barely misses you.
Casting: Necrotise (safe; 3% risk of failure)
Confirm with . or Enter, or press ? or * to list all spells.
Aiming: Necrotise (safe; 3% risk of failure)
Press: ? - help, Shift-Dir - straight line, f/p - adder
Aim: an adder (severely wounded, chance to affect: 80%)
The adder writhes in agony.
The adder bites you.
You die...

#... #.#
#..# #.#
#..## #.#
#...#####†#
#.......#.#
#....> #.#
##..######.#
#...S@.....#
#.##########
##.# #..##
##...#
###....#
##......#
#.......#
#.#..⌠).#


You could see an adder.

Vanquished Creatures
  An adder (D:2)
  2 ball pythons
  2 giant cockroaches
  A hobgoblin (D:1)
  2 jackals (D:1)
  3 quokkas
  A bat (D:1)
  A kobold (D:2)
  3 rats
16 creatures vanquished.

Vanquished Creatures (collateral kills)
  An endoplasm (D:1)
1 creature vanquished.

Grand Total: 17 creatures vanquished

Notes
Turn   | Place    | Note
-------+----------+-------------------------------------------
     0 | D:1      | booth the Demonspawn Necromancer began the quest for the
                  | Orb.
     0 | D:1      | Reached XP level 1. HP: 13/13 MP: 3/3
   157 | D:1      | Found a faded altar of an unknown god.
   219 | D:1      | Gained mutation: You sometimes gain a little power by
                  | taking damage. [demonic ancestry]
   219 | D:1      | Reached XP level 2. HP: 11/19 MP: 5/5
   947 | D:2      | Slain by an adder

Illustrated notes

Levels and vault maps discovered:
D:1:      dpeg_arrival_simpleton_b, layout_rooms, ebering_ecumenical_altar_mist
D:2:      layout_basic, serial_shops,
          nicolae_shop_temple_entry_statues_fountains, dreamdust_wishing_well

Skill      XL: |  1  2 |
---------------+-------+-----
Stealth        | 2 |  2.1
Dodging        | 2 |  2.1
Spellcasting   | |  2.3
Necromancy     | |  4.8

Action                     || total
---------------------------++-------
  Melee: Unarmed           ||    25
         Dagger            ||    30
   Cast: Necrotise         ||    28
    Use: Scroll            ||     4
         Potion            ||     1
   Stab: Distracted        ||     1
 Armour: Robe              ||    32
  Dodge: Dodged            ||    44
